 Dungeon Crawl Stone Soup version 0.19.4 (webtiles) character file.

111 Jynx the Firebug (level 4, -5/24 HPs)
             Began as a Deep Elf Fire Elementalist on Feb 1, 2017.
             Slain by an orc
             ... wielding a +0 hand axe
              (7 damage)
             ... on level 3 of the Dungeon.
             The game lasted 00:03:25 (2489 turns).

Jynx the Firebug (Deep Elf Fire Elementalist)       Turns: 2489, Time: 00:03:25

Health: -5/24      AC:  2    Str:  5    XL:     4   Next: 62%
Magic:  1/12       EV: 14    Int: 20    God:
Gold:   149        SH:  0    Dex: 16    Spells: 1 memorised, 10 levels left

rFire  . . .     SeeInvis .     e - +0 short sword
rCold  . . .     Gourm    .     a - +0 robe
rNeg   . . .     Faith    .     (no shield)
rPois  .         Spirit   .     (no helmet)
rElec  .         Reflect  .     (no cloak)
rCorr  .         Harm     .     (no gloves)
MR     .....                    (no boots)
Stlth  ++........               (no amulet)
                                (no ring)
                                (no ring)

@: lethally poisoned (-5 -> -11)
A: no striking features
a: no special abilities


You were on level 3 of the Dungeon.
You were hungry.

You visited 1 branch of the dungeon, and saw 3 of its levels.

You collected 149 gold pieces.

Inventory:

Hand Weapons
 e - a +0 short sword (weapon)
Armour
 a - a +0 robe (worn)
Wands
 k - a wand of paralysis (5/24)
Scrolls
 m - 2 scrolls of remove curse
Potions
 f - 2 potions of curing
 g - a potion of degeneration {unknown}
 h - 2 potions of mutation {unknown}
 j - a potion of berserk rage
 l - 2 potions of flight
 o - a potion of lignification {unknown}
 p - a potion of haste {unknown}
Books
 b - a book of Flames

   Spells                             Type                      Level
   a - Flame Tongue                   Conjuration/Fire             1
   b - Throw Flame                    Conjuration/Fire             2
   c - Conjure Flame                  Conjuration/Fire             3
   d - Inner Flame                    Hexes/Fire                   3
   e - Sticky Flame                   Conjuration/Fire             4
   f - Fireball                       Conjuration/Fire             5
Comestibles
 c - a bread ration
 d - a meat ration
 i - a slice of pizza


   Skills:
 + Level 3.5 Dodging
 - Level 2.4 Stealth
 + Level 4.0 Spellcasting
 + Level 2.2 Conjurations
 * Level 4.4 Fire Magic


You had 10 spell levels left.
You knew the following spells:

 Your Spells              Type           Power        Failure   Level  Hunger
a - Flame Tongue          Conj/Fire      ###..        3%          1    None


Dungeon Overview and Level Annotations

Branches:
Dungeon (3/15)

Altars:
Nemelex Xobeh


Message History

The flame tongue hits the orc.
The orc appears unharmed.
You feel sick. The orc barely misses you.
Casting: Flame Tongue
Confirm with . or Enter, or press ? or * to list all spells.
Aiming: Flame Tongue
Press: ? - help, Shift-Dir - straight line, f/p - orc
Aim: an orc, wielding a hand axe and wearing a ring mail The flame tongue hits the orc.
The orc appears unharmed.
The orc hits you with a hand axe.
* * * LOW HITPOINT WARNING * * *
Casting: Flame Tongue
Confirm with . or Enter, or press ? or * to list all spells.
Aiming: Flame Tongue
Press: ? - help, Shift-Dir - straight line, f/p - orc
Aim: an orc, wielding a hand axe and wearing a ring mail The flame tongue hits the orc.
The orc is severely wounded.
* * * LOW HITPOINT WARNING * * *
You feel sick. The orc hits you with a hand axe!
You die...

## ######o#†####### #>
....g..g........
###.#########...##..(#
##....#..........#.. #
#....................
#......#.##g#....#....
#........##o#...#.....
#......####o#####.#?..
#...).....#@# .##.#
#####.....#.#
#######.....#.#
#....##.....#.#
#.##)#####.##..
#)##.#####.####
#)##.......#
#.########## #.#


You could see 2 orcs and a goblin.

Vanquished Creatures
  4 adders
  A worm (D:2)
  6 dart slugs
  A leopard gecko (D:2)
  6 orcs (D:3)
  6 goblins
  5 hobgoblins
  8 jackals
  A quokka (D:2)
  5 bats
  2 frilled lizards
  3 kobolds
  4 rats
52 creatures vanquished.

Notes
Turn   | Place    | Note
-------+----------+-------------------------------------------
     0 | D:1      | Jynx the Deep Elf Fire Elementalist began the quest for the Orb.
     0 | D:1      | Reached XP level 1. HP: 10/10 MP: 6/6
   345 | D:1      | Reached XP level 2. HP: 15/15 MP: 6/8
  1063 | D:2      | Found a sparkling altar of Nemelex Xobeh.
  1351 | D:2      | Reached XP level 3. HP: 19/19 MP: 6/9
  1573 | D:2      | Found a sparkling altar of Nemelex Xobeh.
  1831 | D:2      | Reached XP level 4. HP: 24/24 MP: 4/11
  2489 | D:3      | Slain by an orc

Skill      XL: |  1  2  3  4 |
---------------+-------------+-----
Conjurations   | 2 |  2.2
Dodging        | 3 |  3.5
Fire Magic     | 4 |  4.4
Spellcasting   | 4 |  4.0
Stealth        | |  2.4

Action                   |  1- 3 |  4- 6 || total
-------------------------+-------+-------++-------
Melee: Unarmed           |     5 |       ||     5
       Mace              |     4 |       ||     4
       Short sword       |     4 |    10 ||    14
 Cast: Flame Tongue      |    71 |    33 ||   104
  Use: Scroll            |     5 |     4 ||     9
  Eat: Chunk             |     3 |     1 ||     4
Armor: Robe              |     8 |     3 ||    11
Dodge: Dodged            |    34 |    22 ||    56
